 Dungeon Crawl Stone Soup version 0.27.0-1-g7a089689b8 (webtiles) character file.

Game seed: 3384408451434805248

5 thirtiethelement the Skirmisher (level 1, -14/18 HPs)
             Began as a Demonspawn Abyssal Knight on Aug 9, 2021.
             Was a Follower of Lugonu.
             Demolished by a red devil (15 damage)
             ... summoned by an orc sorcerer
             ... on level 2 of the Abyss.
             The game lasted 00:01:52 (235 turns).

thirtiethelement the Skirmisher (DsAK)               Turns: 235, Time: 00:01:53

Health: -14/18     AC:  3    Str: 12    XL:     1   Next: 66%
Magic:  2/2        EV: 11    Int: 13    God:    Lugonu [*.....]
Gold:   70         SH:  0    Dex: 12    Spells: 0/0 levels left

rFire    . . .     SeeInvis .   a - +1 falchion
rCold    . . .     Faith    .   (no shield)
rNeg     . . .     Spirit   .   b - +0 leather armour
rPois    .         Reflect  .   (no helmet)
rElec    .         Harm     .   (no cloak)
rCorr    .         Rampage  .   (no gloves)
Will     .....                  (no boots)
Stlth    +.........             (no amulet)
HPRegen  0.06/turn              (no ring)
MPRegen  0.08/turn              (no ring)

@: no status effects
A: no striking features
a: Renounce Religion, Depart the Abyss


You were on level 2 of the Abyss.
You worshipped Lugonu.
Lugonu was aware of your devotion.
You visited 0 branches of the dungeon, and saw 0 of its levels.
You visited the Abyss 1 time.

You collected 70 gold pieces.

Inventory:

Hand Weapons
 a - a +1 falchion (weapon)
Armour
 b - a +0 leather armour (worn)
Potions
 c - a potion of berserk rage {unknown}


   Skills:
 + Level 3.2 Fighting
 + Level 1.8 Long Blades
 + Level 1.8 Armour
 + Level 0.9 Dodging
 + Level 2.5 Invocations


You couldn't memorise any spells.
You didn't know any spells.
Your spell library was empty.

Dungeon Overview and Level Annotations

Branches:
Dungeon (0/15)

Altars:


Message History

Found a ring mail.
The wizard shouts!
The wizard howls an incantation.
You feel disoriented.
The wizard casts a spell.
The wizard flickers and vanishes!
Deactivating autopickup; reactivate with Ctrl-A.
Found a gateway leading deeper into the Abyss.
There is a gateway leading deeper into the Abyss here.
You plunge deeper into the Abyss.
Reactivating autopickup.
Autopickup is now off.
Autopickup is now on.
Found a silvery potion.
c - a silvery potion
Found 20 gold pieces.
You now have 36 gold pieces (gained 20).
Found 34 gold pieces.
You now have 70 gold pieces (gained 34).
Found a chain mail.
You see here a +0 chain mail.
You enter the shallow water.
Moving in this stuff is going to be slow.
Drop what? 3/52 slots (_ for help) (? for menu, Esc to quit)
Okay, then.
A smoke demon comes into view.
The smoke demon gestures at you. Something smites you!
Ouch! That really hurt!
* * * LOW HITPOINT WARNING * * *
You miss the orc sorcerer.
A small abomination comes into view.
The orc sorcerer gestures wildly while chanting.
You hit the orc sorcerer.
The orc sorcerer is lightly wounded.
The orc sorcerer hits you with a +0 dagger.
* * * LOW HITPOINT WARNING * * *
The red devil hits you from afar with a +0 trident!
Ouch! That really hurt!
You die...

. .# #. #3# #
.. ## .# ##4 .
..
##.##.####.#..
#...o@..#...
#.#...##.#.#
#..###..##
.... #....###
..#.##..##.
..# # # #. ##.
##..## . # .
#...##.#
.#..##.##.#.#.
## #.....#...


You could see a smoke demon, an orc sorcerer and a red devil (summoned).

Vanquished Creatures
  An ufetubus (Abyss:1)
1 creature vanquished.

Notes
Turn   | Place    | Note
-------+----------+-------------------------------------------
     0 | Abyss:1  | thirtiethelement the Demonspawn Abyssal Knight began the
                  | quest for the Orb.
     0 | Abyss:1  | Reached XP level 1. HP: 18/18 MP: 2/2
    48 | Abyss:1  | Noticed a great orb of eyes
    57 | Abyss:1  | Noticed a tentacled monstrosity
   107 | Abyss:1  | Noticed a wizard
   209 | Abyss:2  | Noticed a large abomination
   232 | Abyss:2  | Noticed an orc sorcerer
   233 | Abyss:2  | Noticed a smoke demon
   234 | Abyss:2  | Noticed a small abomination
   235 | Abyss:2  | Noticed a red devil
   235 | Abyss:2  | Demolished by a red devil

Illustrated notes

Levels and vault maps discovered:
Abyss:2:  base:
Temple

Action                   || total
-------------------------++-------
Melee: Falchion          ||     8
Armor: Leather armour    ||     2
Dodge: Dodged            ||    12
       Rpst.: Falchion   ||     2
